cohdb
Replays
Latest Replays
All Replays
Popular Replays
Top Player Replays
Match Explorer
How It Works
Community
CoH3 Stats
Reddit
Sign in to upload your games and track your stats! →
Sign in with Steam
Match 43127742
Unlisted
Match 43127742
Overview
Messages
Build Orders
End
Construct Barracks
Riflemen Squad
Selects Heavy Weapons
Riflemen Squad
1⁄4-ton 4x4 Truck
Construct Medical Station
M1 Mortar Team
Engineer Squad
Grenade Package
Construct Weapon Support Center
M1919 Machine Gun Team
Selects M2HB .50cal Heavy Machine Gun
Infantry Support Center
M1919 Machine Gun Team
M3 Armored Personnel Carrier
Selects Assault Carriers
Advanced Logistics
M3 Assault Carrier
Engineer Squad
Selects Exchangeable Parts
Riflemen Squad
M1918 Browning Automatic Rifles
Scout Squad
~TAB~ THUND3RCHUNKY
camkool
0
0
Comments
sign in to comment!
No comments posted yet!